 Dungeon Crawl Stone Soup version 0.20.1-1-g8b1a95d (webtiles) character file.

205 wojtek the Skirmisher (level 5, 0/48 HPs)
             Began as a Minotaur Fighter on Dec 25, 2017.
             Slain by an orc wizard
             ... wielding a +0 dagger
              (5 damage)
             ... on level 3 of the Dungeon.
             The game lasted 00:04:00 (2449 turns).

wojtek the Skirmisher (Minotaur Fighter)            Turns: 2449, Time: 00:04:01

Health: 0/48       AC:  7    Str: 22    XL:     5   Next: 52%
Magic:  4/4        EV:  7    Int:  5    God:
Gold:   139        SH:  9    Dex:  9    Spells: 4/4 levels left

rFire    . . .     SeeInvis .   a - +0 war axe
rCold    . . .     Gourm    .   c - +0 shield
rNeg     . . .     Faith    .   b - +0 scale mail
rPois    .         Spirit   .   (helmet restricted)
rElec    .         Reflect  .   (no cloak)
rCorr    .         Harm     .   (no gloves)
MR       .....                  (no boots)
Stlth    ..........             (no amulet)
Regen    0.2/turn               (no ring)
MPRegen  0.1/turn               (no ring)

@: drained
A: retaliatory headbutt, horns 2
a: no special abilities


You were on level 3 of the Dungeon.
You were hungry.

You visited 1 branch of the dungeon, and saw 3 of its levels.
You also visited: Sewer.

You collected 139 gold pieces.

Inventory:

Hand Weapons
 a - a +0 war axe (weapon)
Missiles
 r - 4 tomahawks of dispersal (quivered)
Armour
 b - a +0 scale mail (worn)
 c - a +0 shield (worn)
 i - a +1 leather armour of poison resistance
Scrolls
 g - 2 scrolls of blinking {unknown}
 h - 2 scrolls of amnesia {unknown}
 j - 2 scrolls of remove curse {unknown}
 k - 5 scrolls of teleportation {unknown}
 m - a scroll of fear {unknown}
 n - 3 scrolls of identify {unknown}
 q - a scroll of enchant armour {unknown}
 u - a scroll of recharging {unknown}
Potions
 d - 3 potions of might
 e - a potion of curing {unknown}
 p - a potion of ambrosia {unknown}
 s - 5 potions of flight {unknown}
 t - 2 potions of invisibility {unknown}
 w - a potion of lignification {unknown}
Comestibles
 f - 3 bread rations
 l - a meat ration
 o - 4 fruits
 v - a chunk of flesh


   Skills:
 + Level 5.1(4.7) Fighting
 * Level 5.0(4.7) Axes
 + Level 4.8(4.5) Armour
 - Level 3.6(3.2) Shields


You had 4 spell levels left.
You didn't know any spells.

Dungeon Overview and Level Annotations

Branches:
Dungeon (3/15)

Altars:
Okawaru
Trog


Innate Abilities, Weirdness & Mutations

You reflexively headbutt those who attack you in melee.
You have a pair of horns on your head.


Message History

You aren't carrying any items that you can evoke.
Your shield and scale mail prevent you from hitting the orc wizard.
The orc wizard is lightly wounded.
You block the orc wizard's attack.
The orc wizard casts a spell.
The orc wizard flickers and vanishes!
Deactivating autopickup; reactivate with Ctrl-A.
You block the orc wizard's attack.
You slash the orc wizard! Your headbutt misses the orc wizard.
The orc wizard is almost dead.
The orc wizard hits you but does no damage.
The orc wizard points at you and mumbles some strange words.
The puff of flame hits you!
* * * LOW HITPOINT WARNING * * *
Unknown command.
You closely miss the orc wizard. You headbutt the orc wizard.
You kill the orc wizard!
Your base Axes skill increases to level 5!
Something hits you.
You die...

#.........#
##.......#
##.....## ###
##..†## o.. ##'##
#.# #.# #.# #.#
#.# ##.##
#########%#
##...###......@)o#
#...........######
##...###.##.#
#####..# #.##.#
.......###.##.#
###......##.#
#..######.#
#..######.#
#.........##


You could see an orc priest.

Vanquished Creatures
  The ghost of OnekoMk1 the Gusty, an amateur DEAE (D:3)
  An orc wizard (D:3)
  2 adders
  2 oozes
  3 worms
  2 dart slugs
  A leopard gecko (D:1)
  2 orcs (D:3)
  4 giant cockroaches
  5 goblins
  6 hobgoblins
  7 jackals
  A quokka (D:3)
  4 ball pythons
  9 bats
  6 frilled lizards
  7 kobolds
  8 rats
71 creatures vanquished.

Vanquished Creatures (others)
  An orc wizard (D:3)
1 creature vanquished.

Grand Total: 72 creatures vanquished

Notes
Turn   | Place    | Note
-------+----------+-------------------------------------------
     0 | D:1      | wojtek the Minotaur Fighter began the quest for the Orb.
     0 | D:1      | Reached XP level 1. HP: 19/19 MP: 0/0
   194 | D:1      | Reached XP level 2. HP: 27/27 MP: 1/1
   615 | D:2      | Reached XP level 3. HP: 33/33 MP: 2/2
  1078 | D:2      | Found a bloodstained altar of Trog.
  1079 | D:2      | Found an iron altar of Okawaru.
  1341 | D:3      | Noticed OnekoMk1's ghost (amateur DEAE)
  1355 | D:3      | Killed OnekoMk1's ghost
  1355 | D:3      | Reached XP level 4. HP: 13/41 MP: 3/3
  1404 | D:3      | Found a glowing drain.
  1432 | Sewer    | Entered a sewer
  1438 | Sewer    | Reached XP level 5. HP: 20/47 MP: 4/4
  2053 | Sewer    | Reached skill level 5 in Fighting
  2449 | D:3      | Reached skill level 5 in Axes
  2449 | D:3      | Slain by an orc wizard

Skill      XL: |  1  2  3  4  5 |
---------------+----------------+-----
Axes           | 3 4 5 |  5.0
Fighting       | 4 5 |  5.1
Armour         | 4 |  4.8
Shields        | |  3.6

Action                   |  1- 3 |  4- 6 || total
-------------------------+-------+-------++-------
Melee: War axe           |   103 |    85 ||   188
       Headbutt          |    17 |     7 ||    24
  Eat: Chunk             |     1 |     4 ||     5
Armor: Scale mail        |    36 |    74 ||   110
Dodge: Dodged            |    28 |    51 ||    79
Block: Shield            |    48 |    68 ||   116
